 Dungeon Crawl Stone Soup version 0.31.0-9-g3a7656b989 (webtiles) character file.

Game seed: 3441591035695600418

13290 Peloso the Carver (level 11, -6/93 (101) HPs)
             Began as a Minotaur Fighter on Feb 4, 2024.
             Was an Elder of Okawaru.
             Mangled by a soul eater (14 damage)
             ... summoned by a kobold demonologist
             ... on level 11 of the Dungeon.
             The game lasted 00:17:08 (11990 turns).

Peloso the Carver (Minotaur Fighter)               Turns: 11990, Time: 00:17:09

HP:   -6/93 (101)   AC:  9    Str: 21      XL:     11   Next: 73%
MP:   9/10          EV:  7    Int:  5      God:    Okawaru [****..]
Gold: 777           SH:  7    Dex: 18 (20) Spells: 10/10 levels left

rFire   . . .        a - +1 long sword (flame)
rCold   . . .        d - +0 buckler
rNeg    . . .        p - +0 plate armour
rPois   .            r - +2 hat
rElec   .            x - +2 cloak
rCorr   .            f - +0 pair of gloves
SInv    .            t - +2 pair of boots
Will    .....        E - amulet of regeneration Stlth
                     l - +6 ring of dexterity
HPRegen 1.15/turn    (no ring)
MPRegen 0.12/turn

%: no passive effects
@: corroded, drained
A: horns 2, retaliatory headbutt
a: Renounce Religion, Heroism, Finesse


You were on level 11 of the Dungeon.
You worshipped Okawaru.
Okawaru was greatly pleased with you.
You visited 2 branches of the dungeon, and saw 12 of its levels.

You collected 777 gold pieces.

Inventory:

Hand Weapons
 a - a +1 long sword of flaming (weapon)
 b - a +1 scimitar
Missiles
 n - a throwing net (quivered)
Armour
 c - a +1 chain mail of willpower
 d - a +0 buckler (worn)
 f - a +0 pair of gloves (worn)
 k - +0 swamp dragon scales
 p - a +0 plate armour (worn)
 r - a +2 hat (worn)
 t - a +2 pair of boots (worn)
 x - a +2 cloak (worn)
 F - the +0 ring mail of Lies {Will+ Regen+ Dex+4}
   (You found it on level 10 of the Dungeon)

   Dex+4:     It affects your dexterity (+4).
   Will+:     It increases your willpower.
   Regen+:    It increases your rate of health regeneration.
Jewellery
 i - a +5 ring of evasion
 l - a +6 ring of dexterity (left hand)
 m - an amulet of faith
 E - an amulet of regeneration (around neck)
Wands
 g - a wand of digging (4)
 q - a wand of roots (18)
 y - a wand of polymorph (7)
 A - a wand of mindburst (17)
 C - a wand of light (8)
Scrolls
 j - 4 scrolls of teleportation
 o - 5 scrolls of identify
 u - a scroll of vulnerability {unknown}
 v - 2 scrolls of blinking {unknown}
 w - a scroll of fear {unknown}
 B - 2 scrolls of enchant armour {unknown}
 D - 3 scrolls of poison
 G - a scroll of enchant weapon
 H - a scroll of revelation {unknown}
 I - a scroll of butterflies {unknown}
 J - a scroll of noise {unknown}
Potions
 e - 3 potions of brilliance
 h - a potion of lignification
 s - a potion of ambrosia
 z - a potion of haste


   Skills:
 + Level 10.5 Fighting
 + Level 14.8 Long Blades
 + Level 11.5 Armour
 + Level 2.1 Dodging
 + Level 0.4 Stealth
 + Level 9.1 Shields
 + Level 0.2 Invocations
 + Level 1.8 Evocations


You had 10 spell levels left.
You didn't know any spells.
Your spell library contained the following spells:

 Spells                   Type           Power      Damage    Failure   Level
 Freeze                   Ice            0%         1d3       100%        1
 Magic Dart               Conj           0%         1d3       100%        1
 Necrotise                Necr           0%         1d4       100%        1
 Blink                    Tloc           0%         N/A       100%        2
 Jinxbite                 Hex            0%         N/A       100%        2
 Frozen Ramparts          Ice            0%         1d1       100%        3
 Fugue of the Fallen      Necr           0%         N/A       100%        3
 Hailstorm                Conj/Ice       0%         3d5       100%        3
 Ozocubu's Armour         Ice            0%         N/A       100%        3
 Vampiric Draining        Necr           0%         2d6       100%        3
 Manifold Assault         Tloc           0%         N/A       100%        4
 Passage of Golubria      Tloc           0%         N/A       100%        4
 Curse of Agony           Necr           0%         N/A       100%        5
 Yara's Violent Unravell  Hex/Alch       0%         3d3       100%        5
 Enfeeble                 Hex            0%         N/A       100%        7
 Call Imp                 Summ           Unusable   N/A       N/A         2
 Tukima's Dance           Hex            Unusable   N/A       N/A         3
 Martyr's Knell           Necr/Summ      Unusable   N/A       N/A         4

Dungeon Overview and Level Annotations

Branches:
Dungeon (11/15)            Temple (1/1) D:7            Lair (0/5) D:9
    Orc (0/2) D:9

Altars:
Ashenzari
Cheibriados
Dithmenos
Elyvilon
Fedhas
Gozag
Hepliaklqana
Kikubaaqudgha
Makhleb
Nemelex Xobeh
Okawaru
Qazlal
Ru
Sif Muna
Trog
Uskayaw
Vehumet
Wu Jian
Xom
Yredelemnul
Zin
The Shining One
Lugonu


Innate Abilities, Weirdness & Mutations

You have a pair of horns on your head.
You reflexively headbutt those who attack you in melee.


Message History

You block the soul eater's attack.
You block the kobold demonologist's attack.
Unknown command.
You closely miss the kobold demonologist.
The kobold demonologist is severely wounded.
The sixfirhy hits you. The sixfirhy shocks you!
The sixfirhy hits you but does no damage.
The rust devil hits you. The rust devil corrodes you!
You block the iron imp's attack.
Unknown command.
You closely miss the kobold demonologist.
The kobold demonologist is severely wounded.
The sixfirhy barely misses you. The sixfirhy closely misses you.
The soul eater completely misses you.
The kobold demonologist closely misses you.
You furiously retaliate!
You headbutt the kobold demonologist. The sixfirhy barely misses you.
You furiously retaliate!
You headbutt the sixfirhy, but do no damage.
You closely miss the kobold demonologist.
The kobold demonologist is severely wounded.
You feel like a meek peon again. The sixfirhy hits you.
The sixfirhy shocks you! The sixfirhy hits you! The sixfirhy shocks you!
You block the rust devil's attack. The soul eater hits you!
* * * LOW HITPOINT WARNING * * *
You feel drained. The iron imp hits you.
* * * LOW HITPOINT WARNING * * *
The sixfirhy hits you but does no damage.
The kobold demonologist gestures wildly while chanting. x2
You hit the kobold demonologist. You burn the kobold demonologist.
The kobold demonologist is severely wounded.
The rust devil hits you.
* * * LOW HITPOINT WARNING * * *
The rust devil corrodes you!
Unknown command.
You barely miss the kobold demonologist.
Your headbutt misses the kobold demonologist.
The kobold demonologist is severely wounded.
The soul eater hits you!
You die...

#...........#.##≈§≈§#....#
#...........#.###≈≈≈#....#
#...........'.#<#.≈≈#....#
#.......)...###...≈##....#
########'#### ##≈≈≈K#....#
##....# #≈§≈≈§###'##
#..#### #≈5≈§§# #..#
##'##### #3K45§# ##.#
#..[...# #5@3K3# #.#
#......# ##########)###
#......# #.......))..#
#.....<#######.....).....#
#......'.....'...........#
#......#######..........>#
#......# #...........#
##......# ##'##########
##...##### #..#######


You could see a soul eater (summoned), a rust devil (summoned), 2 kobold
demonologists, 2 sixfirhies, a kobold brigand, an iron imp (summoned), a quasit
(summoned) and a white imp (summoned).

Vanquished Creatures
  2 two-headed ogres (D:11)
  A boulder beetle (D:11)
  An ugly thing (D:10)
  A cyclops (D:11)
  An unseen horror (D:11)
  Maggie (D:6)
  A komodo dragon (D:9)
  2 trolls
  A wyvern (D:7)
  24 yaks
  A basilisk (D:11)
  3 vampire mosquitoes (D:10)
  A steam dragon (D:6)
  2 acid dragons
  4 water moccasins
  2 orc warriors
  2 sky beasts
  2 ice beasts
  3 black bears
  An ogre (D:5)
  A centaur (D:6)
  3 bullfrogs
  5 kobold brigands
  Blork the orc (D:6)
  6 scorpions
  3 gnoll sergeants
  13 wights
  13 killer bees
  3 howler monkeys (D:7)
  Crazy Yiuf (D:5)
  A gnoll bouda (D:4)
  7 orc priests
  A hound (D:6)
  7 iguanas
  A sleepcap (D:6)
  6 orc wizards
  Robin (D:2)
  30 gnolls
  9 adders
  2 white imps
  6 ufetubi
  2 ribbon worms (D:2)
  23 orcs
  2 ball pythons (D:1)
  3 bats
  5 endoplasms
  3 giant cockroaches
  14 goblins
  6 hobgoblins
  7 jackals
  35 kobolds
  A quokka (D:5)
  6 frilled lizards
  2 rats (D:2)
  A spectral goblin (D:7)
286 creatures vanquished.

Notes
Turn   | Place    | Note
-------+----------+-------------------------------------------
     0 | D:1      | Peloso the Minotaur Fighter began the quest for the Orb.
     0 | D:1      | Reached XP level 1. HP: 19/19 MP: 0/0
   367 | D:1      | Reached XP level 2. HP: 27/27 MP: 1/1
   992 | D:2      | Reached skill level 1 in Dodging
  1041 | D:2      | Found a burning altar of Makhleb.
  1059 | D:2      | Reached XP level 3. HP: 33/33 MP: 2/2
  1238 | D:2      | Noticed Robin
  1251 | D:2      | Killed Robin
  1252 | D:2      | Reached skill level 3 in Long Blades
  1263 | D:2      | Reached XP level 4. HP: 27/40 MP: 3/3
  2130 | D:3      | Found an ornate altar of the Wu Jian Council.
  2149 | D:3      | Reached skill level 4 in Long Blades
  2700 | D:3      | Found a faded altar of an unknown god.
  2704 | D:3      | Got Plato's Folio of Chilblains
  2882 | D:4      | Noticed a scorpion
  2887 | D:4      | Killed a scorpion
  2888 | D:4      | Reached XP level 5. HP: 47/47 MP: 4/4
  2984 | D:4      | Reached skill level 5 in Long Blades
  2998 | D:4      | Reached XP level 6. HP: 36/53 MP: 5/5
  3151 | D:4      | HP: 2/55 [gnoll/+0 flail (9)]
  3686 | D:4      | Reached skill level 5 in Armour
  3827 | D:4      | Reached skill level 5 in Fighting
  4059 | D:4      | Reached skill level 6 in Long Blades
  4338 | D:5      | Entered Level 5 of the Dungeon
  4568 | D:5      | Reached XP level 7. HP: 51/61 MP: 6/6
  4769 | D:5      | Found a runed translucent door.
  4770 | D:5      | Noticed Crazy Yiuf
  5006 | D:5      | Reached skill level 7 in Long Blades
  5047 | D:5      | Reached skill level 5 in Shields
  5176 | D:5      | Reached XP level 8. HP: 67/70 MP: 7/7
  5354 | D:5      | Found a shimmering blue altar of Sif Muna.
  5455 | D:5      | Killed Crazy Yiuf
  5532 | D:6      | Reached skill level 8 in Long Blades
  5572 | D:6      | Noticed Maggie
  5582 | D:6      | Killed Maggie
  5663 | D:6      | Reached skill level 9 in Long Blades
  5833 | D:6      | Found a glowing golden altar of the Shining One.
  6040 | D:6      | Found a radiant altar of Vehumet.
  6043 | D:6      | Found a shimmering altar of Xom.
  6046 | D:6      | Found a burning altar of Makhleb.
  6049 | D:6      | Found a blossoming altar of Fedhas.
  6152 | D:6      | Noticed Blork the orc
  6169 | D:6      | Killed Blork the orc
  6175 | D:6      | Reached XP level 9. HP: 61/79 MP: 8/8
  6444 | D:7      | Reached skill level 10 in Long Blades
  6549 | D:7      | Found a staircase to the Ecumenical Temple.
  6558 | Temple   | Entered the Ecumenical Temple
  6704 | D:7      | Noticed a troll
  6717 | D:7      | Killed a troll
  7032 | D:7      | Reached skill level 11 in Long Blades
  7695 | D:7      | Reached skill level 12 in Long Blades
  7699 | D:7      | Reached XP level 10. HP: 70/88 MP: 9/9
  8020 | D:7      | Found a hazy altar of Hepliaklqana.
  8891 | D:9      | Reached skill level 13 in Long Blades
  9193 | D:9      | Reached skill level 10 in Armour
  9402 | D:9      | Found an iron altar of Okawaru.
  9411 | D:9      | Became a worshipper of Warmaster Okawaru
  9704 | D:9      | Reached * piety under Okawaru
  9720 | D:9      | Reached XP level 11. HP: 73/97 MP: 10/10
  9724 | D:9      | Reached skill level 14 in Long Blades
  9794 | D:9      | Found a staircase to the Orcish Mines.
 10183 | D:9      | Found a staircase to the Lair.
 10402 | D:10     | Entered Level 10 of the Dungeon
 10402 | D:10     | Found a transporter.
 10402 | D:10     | Found a transporter.
 10558 | D:10     | Reached ** piety under Okawaru
 10677 | D:10     | Identified the +0 ring mail of Lies {Will+ Regen+ Dex+4}
 10785 | D:10     | Noticed a brown ugly thing
 10807 | D:10     | Killed a brown ugly thing
 11190 | D:11     | Noticed a two-headed ogre
 11199 | D:11     | Killed a two-headed ogre
 11200 | D:11     | Reached skill level 10 in Fighting
 11324 | D:11     | Noticed a two-headed ogre
 11336 | D:11     | Killed a two-headed ogre
 11336 | D:11     | Reached *** piety under Okawaru
 11498 | D:11     | Reached skill level 1 in Evocations
 11504 | D:11     | Reached **** piety under Okawaru
 11651 | D:11     | Noticed a boulder beetle
 11669 | D:11     | Killed a boulder beetle
 11972 | D:11     | Found a corrupted altar of Lugonu.
 11975 | D:11     | Noticed a soul eater
 11982 | D:11     | Noticed a sixfirhy
 11989 | D:11     | Noticed a sixfirhy
 11990 | D:11     | Mangled by a soul eater

Illustrated notes

Levels and vault maps discovered:
D:1:      tekkud_arrival_beachfront_property, layout_loops_ring,
          hangedman_decor_opposing
D:2:      layout_rooms, basic_altar, minmay_tripent, uniq_robin
D:3:      layout_basic, nicolae_wu_jian_wuxing_cycle,
          shapermc_ecumenical_altar_rom_forum, kennysheep_path_1,
          kennysheep_generic_room_3
D:4:      layout_basic
D:5:      layout_loops_corners, hellmonk_sif_muna_bookshelves,
          uniq_crazy_yiuf_cottage
D:6:      layout_rooms, tso_oasis_becter, grunt_temple_overflow_cloverleaf,
          kennysheep_pointless_box, uniq_blork_the_orc, uniq_maggie
D:7:      layout_loops_corners, nicolae_hepliaklqana_monster_ancestors,
          minmay_temple_entry_glass, minivault_23
D:8:      layout_loops_ring
D:9:      layout_basic, okawaru_gym_becter, david_lair_shrubbed,
          minmay_orc_entry_temple_small
D:10:     layout_rooms, nicolae_diode_stairs
D:11:     layout_roguey, chequers_serial_rivers_small_3,
          minmay_misc_feat_plants, minmay_misc_feat_iff, marbit_kobold_abyssish
Temple:   nicolae_temple_figure_eight

Skill      XL: |  1  2  3  4  5  6  7  8  9 10 11 |
---------------+----------------------------------+-----
Armour         | 4 5 6 7 9 10 11 | 11.5
Fighting       | 4 5 7 8 9 10 | 10.5
Dodging        | 1 2 |  2.1
Long Blades    | 3 4 5 6 7 9 12 13 14 | 14.8
Shields        | 4 5 6 7 9 |  9.1
Evocations     | 1 |  1.8
Stealth        | |  0.4
Invocations    | |  0.2

Action                     |  1- 3 |  4- 6 |  7- 9 | 10-12 || total
---------------------------+-------+-------+-------+-------++-------
  Melee: Long sword        |    82 |   161 |   234 |   425 ||   902
         Headbutt          |    11 |    27 |    46 |   101 ||   185
 Invoke: Heroism           |       |       |       |     2 ||     2
  Evoke: Wand              |       |       |     1 |     7 ||     8
    Use: Scroll            |     2 |     2 |       |     4 ||     8
         Potion            |     2 |     2 |     1 |       ||     5
 Armour: Scale mail        |    46 |       |       |       ||    46
         Chain mail        |    22 |    44 |       |       ||    66
         Plate armour      |       |   100 |   205 |   327 ||   632
  Dodge: Dodged            |    40 |    57 |    76 |   110 ||   283
  Block: Buckler           |    25 |    49 |    62 |   154 ||   290
